 Dungeon Crawl Stone Soup version 0.18-a0-1577-gf591c28 (webtiles) character file.

91 4thArraOfDagon the Insei (level 4, -7/25 HPs)
             Began as a Vine Stalker Wizard on Mar 19, 2016.
             Mangled by Duvessa
             ... wielding a +0 short sword
              (14 damage)
             ... on level 4 of the Dungeon.
             The game lasted 00:04:03 (618 turns).

4thArraOfDagon the Insei (Vine Stalker Wizard)       Turns: 618, Time: 00:04:03

Health: -7/25      AC:  6    Str:  9    XL:     4   Next: 59%
Magic:  0/10       EV: 12    Int: 24    God:
Gold:   54         SH:  0    Dex: 13    Spells: 4 memorised, 0 levels left

rFire  x . .     SeeInvis .       - Unarmed
rCold  + + +     Gourm    .     (armour currently unavailable)
rNeg   . . .     Faith    .     (shield currently unavailable)
rPois  +         Spirit   +     (helmet currently unavailable)
rElec  .         Dismiss  .     (cloak currently unavailable)
rCorr  .         Reflect  .     (gloves currently unavailable)
SustAt .         Harm     .     (boots currently unavailable)
MR     .....                    (no amulet)
Stlth  ++........               (no ring)
                                b - +2 ring of evasion

@: brilliant, ice-form, repel missiles, not resistant to hostile enchantments,
unstealthy
A: (fangs 0), (camouflage 0), regeneration 1, magic shield, (antimagic bite), no
device heal 3, rot immunity
a: End Transformation


You were on level 4 of the Dungeon.
You were not hungry.
You were a creature of crystalline ice.
You visited 1 branch of the dungeon, and saw 5 of its levels.

You collected 54 gold pieces.

Inventory:

Armour
 f - a +0 ring mail (melded)
 j - a +0 pair of boots (melded)
 k - a cursed +0 chain mail
 l - a +0 helmet (melded)
Jewellery
 b - a +2 ring of evasion (left front paw)
Books
 c - a book of Minor Magic

   Spells                             Type                      Level
   a - Magic Dart                     Conjuration                  1
   b - Blink                          Translocation                2
   c - Call Imp                       Summoning                    2
   d - Repel Missiles                 Charms/Air                   2
   e - Slow                           Hexes                        2
   f - Conjure Flame                  Conjuration/Fire             3
   g - Mephitic Cloud                 Conjuration/Poison/Air       3
 i - a book of Ice

   Spells                             Type                      Level
   a - Ice Form                       Ice/Transmutation            4
   b - Metabolic Englaciation         Hexes/Ice                    5
   c - Ozocubu's Refrigeration        Ice                          6
   d - Bolt of Cold                   Conjuration/Ice              6
   e - Freezing Cloud                 Conjuration/Ice/Air          6
   f - Simulacrum                     Ice/Necromancy               6
Comestibles
 a - a meat ration
 d - a bread ration


   Skills:
 - Level 1.5 Dodging
 - Level 2.4 Stealth
 * Level 3.6 Unarmed Combat
 + Level 3.3 Spellcasting
 - Level 1.0 Conjurations
   Level 1.0 Summonings
 - Level 1.0 Translocations
 * Level 0.8 Transmutations
 * Level 0.6 Ice Magic


You couldn't memorise any spells.
You knew the following spells:

 Your Spells              Type           Power        Failure   Level  Hunger
a - Magic Dart            Conj           ###.         1%          1    None
b - Blink                 Tloc           N/A          1%          2    #......
c - Repel Missiles        Chrm/Air       ###...       2%          2    #......
d - Ice Form              Ice/Trmt       ###.....     14%         4    ####...


Dungeon Overview and Level Annotations

Branches:
Dungeon (5/15)
 Temple: D:4-7

Altars:
Elyvilon

Shops:
D:4 =

Annotations:
D:4 Duvessa
D:5 Edmund


Innate Abilities, Weirdness & Mutations

((You have extremely sharp teeth.))
Your natural rate of healing is unusually fast.
When hurt, damage is shared between your health and your magic reserves.
((Your bite disrupts and absorbs the magic of your enemies.))
Potions and wands cannot restore your health.
You are immune to rotting.
((Your skin changes colour to match your surroundings (Stealth).))


Message History

You hit Duvessa but do no damage.
Duvessa is lightly wounded.
Duvessa hits you but does no damage.
Unknown command.
You closely miss Duvessa.
Duvessa is lightly wounded.
Duvessa hits you but does no damage. Duvessa hits you with a short sword.
* * * LOW HITPOINT WARNING * * *
Unknown command.
Unknown command.
You punch Duvessa! You freeze Duvessa.
Duvessa is heavily wounded.
Duvessa barely misses you.
Unknown command.
Unknown command.
You punch Duvessa! You freeze Duvessa.
Duvessa is severely wounded.
Duvessa hits you with a short sword!
Ouch! That really hurt!
You die...

......#.....####..#..###....#
._.♣.................##......
...........###...###.........
♣..≈#...............#####.#.
..≈ #.....##.e####### #.#. .
#.....##e## #.#. ........##
#.#. #..e####### #.#.
#..#Y.....# #.## #..#......#
#.[. #..#......# ####
#.........# #.........#
#.........# #..#......#
..#.?....#


You could see Duvessa (berserk).

Vanquished Creatures
  Dowan (D:4)
  A worker ant (D:5)
  An adder (D:2)
  An ooze (D:2)
  A dart slug (D:2)
  A giant gecko (D:2)
  2 goblins
  2 jackals (D:2)
  2 kobolds
  7 bats (D:2)
  2 rats
21 creatures vanquished.

Vanquished Creatures (others)
  A quokka (D:4)
1 creature vanquished.

Grand Total: 22 creatures vanquished

Notes
Turn   | Place    | Note
--------------------------------------------------------------
     0 | D:1      | 4thArraOfDagon the Vine Stalker Wizard began the quest for the Orb.
     0 | D:1      | Reached XP level 1. HP: 9/9 MP: 5/5
    74 | D:2      | Reached skill level 1 in Unarmed Combat
   113 | D:2      | Reached XP level 2. HP: 11/13 MP: 5/7
   242 | D:2      | Learned a level 2 spell: Blink
   245 | D:2      | Learned a level 2 spell: Repel Missiles
   302 | D:2      | Reached XP level 3. HP: 3/16 MP: 4/8
   476 | D:4      | Found Nahaloro's Jewellery Emporium.
   489 | D:4      | Noticed Duvessa
   513 | D:4      | Found a white marble altar of Elyvilon.
   531 | D:5      | Entered Level 5 of the Dungeon
   554 | D:5      | Reached XP level 4. HP: 11/21 MP: 6/9
   560 | D:5      | Learned a level 4 spell: Ice Form
   560 | D:5      | Noticed Edmund
   576 | D:4      | HP: 1/21 [Duvessa/short sword (3)]
   582 | D:4      | Noticed Dowan
   598 | D:4      | Gained mutation: Your skin changes colour to match your surroundings (Stealth). [potion of beneficial mutation]
   612 | D:4      | Killed Dowan
   618 | D:4      | Mangled by Duvessa

Vault maps used:
D:1:      dpeg_arrival_three_bigger_balls, roderic_lattice_a, minivault_5
D:2:      first_bread, nrook_mini_vaults
D:3:      nicolae_gozag_seed_capital
D:4:      serial_shops, shop_statue, portal_sewer_entry_b, minivault_19,
          elyvilon_altar_4, uniq_pikel, uniq_natasha, uniq_duvessa
D:5:      lemuel_temple_firewalk_marked, serial_shops,
          nicolae_shop_temple_entry_statues_fountains,
          nicolae_shop_window_shopping, hangedman_decor_growths, uniq_edmund

Skill      XL: |  1  2  3 |
---------------+----------+-----
Unarmed Combat | 1 2 3 |  3.6
Dodging        | |  1.5
Stealth        | |  2.4
Spellcasting   | |  3.3
Conjurations   | |  1.0
Summonings     | |  1.0
Translocations | |  1.0
Transmutations | |  0.8
Ice Magic      | |  0.6

Action                   |  1- 3 |  4- 6 || total
-------------------------+-------+-------++-------
Melee: Unarmed           |   117 |    16 ||   133
 Cast: Magic Dart        |     1 |       ||     1
       Repel Missiles    |     1 |       ||     1
       Ice Form          |       |     1 ||     1
  Use: Scroll            |     1 |       ||     1
       Potion            |       |     3 ||     3
 Stab: Sleeping          |     1 |       ||     1
